 Dungeon Crawl Stone Soup version 0.30-a0-23-ge60ba3568b (webtiles) character file.

Game seed: 2193006527156747546

184896 Newt the Deadly Accurate (level 17, -2/136 HPs)
             Began as a Demonspawn Gladiator on Aug 25, 2022.
             Was the Champion of Dithmenos.
             Killed from afar by a nagaraja (17 damage)
             ... with a poison arrow
             ... on level 4 of the Snake Pit.
             The game lasted 01:35:34 (32062 turns).

Newt the Deadly Accurate (Demonspawn Gladiator)    Turns: 32062, Time: 01:35:35

Health: -2/136     AC: 11    Str: 16    XL:     17   Next: 79%
Magic:  0/21       EV: 20    Int: 16    God:    Dithmenos [******]
Gold:   1009       SH: 30    Dex: 23    Spells: 16/16 levels left

rFire   + . .      SeeInvis .    a - +9 rapier of the Past {venom, rPois rC+ Int+6}
rCold   + . .      Faith    .    Y - +0 tower shield {reflect}
rNeg    . . .      Spirit   +    H - +2 troll leather armour
rPois   +          Reflect  +    (helmet unavailable)
rElec   .          Harm     .    l - +1 cloak
rCorr   .          Rampage  .    p - +0 pair of gloves
Will    +....      NoTele   +    w - +0 pair of boots Stlth *+++++++++
                                 B - amulet of reflection
HPRegen 1.12/turn                C - +4 ring of evasion
MPRegen 0.34/turn                s - ring of protection from fire

@: lethally poisoned (-2 -> -12), untranslocatable, wreathed by umbra, studying
Throwing
A: horns 3, large bone plates 3, foul stench 1, magic shield, magic
regeneration, magic link, agile 1, robust 1
a: Renounce Religion, Shadow Step, Shadow Form


You were on level 4 of the Snake Pit.
You worshipped Dithmenos.
Dithmenos was exalted by your worship.
You visited 3 branches of the dungeon, and saw 24 of its levels.

You collected 1815 gold pieces.
You spent 806 gold pieces at shops.

Inventory:

Hand Weapons
 a - the +9 rapier of the Past (weapon) {venom, rPois rC+ Int+6}
   (You bought it in a shop on level 6 of the Dungeon)

   It poisons the flesh of those it strikes.
   Int:       It affects your intelligence (+6).
   rC:        It protects you from cold.
   rPois:     It protects you from poison.
 b - the +9 dagger of the Pillar {antimagic, rN+}
   (You found it on level 5 of the Lair of Beasts)

   It reduces the magical energy of the wielder, and disrupts the spells and
   magical abilities of those it strikes.
   Natural abilities and divine invocations are not affected.
   rN:        It protects you from negative energy.
Missiles
 j - 64 poisoned darts
 t - 6 boomerangs (quivered)
 S - 4 curare-tipped darts
 Z - 2 atropa-tipped darts
Armour
 l - a +1 cloak (worn)
 p - a +0 pair of gloves (worn)
 w - a +0 pair of boots (worn)
 z - the +1 leather armour "Toirafut" {Will+ Dex+4}
   (You found it on level 5 of the Dungeon)

   Dex:       It affects your dexterity (+4).
   Will:      It increases your willpower.
 H - a +2 troll leather armour (worn)
 N - a +1 buckler
 Y - a +0 tower shield of reflection (worn)
Jewellery
 e - a ring of positive energy
 h - a ring of magical power
 r - a +4 ring of protection
 s - a ring of protection from fire (right hand)
 B - an amulet of reflection (around neck)
 C - a +4 ring of evasion (left hand)
 M - a ring of resist corrosion
 O - a ring of poison resistance
 U - a +4 ring of evasion
Wands
 i - a wand of flame (50)
 m - a wand of polymorph (8)
 v - a wand of roots (6)
 x - a wand of acid (5)
 F - a wand of mindburst (10)
 K - a wand of charming (9)
 V - a wand of digging (5)
Scrolls
 f - a scroll of summoning
 k - 2 scrolls of poison
 n - 6 scrolls of teleportation
 q - a scroll of silence
 A - 4 scrolls of enchant weapon
 E - a scroll of blinking
 L - 6 scrolls of fear
 P - 5 scrolls of identify
 Q - 2 scrolls of brand weapon
 T - 5 scrolls of magic mapping
Potions
 d - 2 potions of might
 g - 3 potions of curing
 o - 4 potions of brilliance
 D - 2 potions of invisibility
 G - a potion of ambrosia
 I - 2 potions of flight
 R - 5 potions of lignification
 X - a potion of berserk rage
Miscellaneous
 u - a lightning rod (4/4)
 y - a piece from Xom's chessboard (15/15)
 J - a phial of floods
 W - a phantom mirror


   Skills:
 - Level 8.4 Fighting
 - Level 14.0 Short Blades
 - Level 15.0 Throwing
 - Level 5.0 Armour
 - Level 10.0 Dodging
 - Level 14.0 Stealth
 - Level 8.0 Shields
 - Level 6.0 Invocations
 + Level 12.5 Evocations


You had 16 spell levels left.
You didn't know any spells.
Your spell library contained the following spells:

 Spells                   Type           Power      Damage    Failure   Level
 Foxfire                  Conj/Fire      0%         2x1d4     93%         1
 Necrotise                Necr           0%         1d4       93%         1
 Shock                    Conj/Air       0%         1d3       93%         1
 Sting                    Tmut/Pois      0%         1d3       93%         1
 Ensorcelled Hibernation  Hex/Ice        0%         N/A       98%         2
 Passwall                 Tmut/Erth      0%         N/A       98%         2
 Poisonous Vapours        Pois/Air       0%         N/A       98%         2
 Confusing Touch          Hex            0%         N/A       100%        3
 Conjure Flame            Conj/Fire      0%         6-21      100%        3
 Gell's Gravitas          Tloc           0%         N/A       100%        3
 Inner Flame              Hex/Fire       0%         N/A       100%        3
 Lesser Beckoning         Tloc           0%         N/A       100%        3
 Spider Form              Tmut/Pois      0%         N/A       100%        3
 Swiftness                Air            0%         N/A       100%        3
 Teleport Other           Tloc           0%         N/A       100%        3
 Vampiric Draining        Necr           0%         2d6       100%        3
 Airstrike                Air            0%         2d(0-16)  100%        4
 Anguish                  Hex/Necr       0%         N/A       100%        4
 Animate Dead             Necr           0%         N/A       100%        4
 Flame Wave               Conj/Fire      0%         2d4       100%        4
 Olgreb's Toxic Radiance  Pois           0%         N/A       100%        4
 Summon Ice Beast         Ice/Summ       0%         N/A       100%        4
 Agony                    Necr           0%         N/A       100%        5
 Borgnjor's Vile Clutch   Necr/Erth      0%         N/A       100%        5
 Summon Forest            Summ/Tloc      0%         N/A       100%        5
 Summon Mana Viper        Hex/Summ       0%         N/A       100%        5
 Yara's Violent Unravell  Hex/Tmut       0%         3d3       100%        5
 Conjure Ball Lightning   Conj/Air       0%         3x3d6     100%        6
 Death Channel            Necr           0%         N/A       100%        6
 Eringya's Noxious Bog    Tmut/Pois      0%         N/A       100%        6
 Enfeeble                 Hex            0%         N/A       100%        7
 Malign Gateway           Summ/Tloc      0%         N/A       100%        7
 Monstrous Menagerie      Summ           0%         N/A       100%        7
 Summon Hydra             Summ           0%         N/A       100%        7
 Discord                  Hex            0%         N/A       100%        8
 Disjunction              Tloc           0%         N/A       100%        8
 Summon Horrible Things   Summ           0%         N/A       100%        8


Dungeon Overview and Level Annotations

Branches:
Dungeon (15/15)            Temple (0/1) D:7            Lair (5/5) D:10
 Shoals (0/4) Lair:3        Snake (4/4) Lair:3        Slime (0/5) Lair:5
    Orc (0/2) D:9          Vaults (0/5) D:13         Depths (0/4) D:15

Altars:
Dithmenos
Fedhas
Gozag
Nemelex Xobeh
Trog
Vehumet
Wu Jian
Jiyva
Lugonu

Shops:
D:6 [(   D:11 [

Portals:
Abyss: Lair:5


Innate Abilities, Weirdness & Mutations

You have a pair of large horns on your head.
You are completely covered in large bone plates. (SH +8)
You may rarely emit foul miasma when damaged in melee.
When hurt, damage is shared between your health and your magic reserves.
You regenerate magic rapidly.
When low on magic, you restore magic in place of health.
You are agile. (Dex +4, Str/Int -1)
You are robust. (+10% HP)


Message History

You block the anaconda's attack. x2; You feel sick.
The naga spits poison at you.
The splash of poison hits you but does no damage.
You are more poisoned.
You resist. The anaconda misses you. You block the anaconda's attack.
The nagaraja spits poison at you. The splash of poison hits you. You resist.
* * * LOW HITPOINT WARNING * * *
The anaconda attacks as you move away! You block the anaconda's attack.
The anaconda bites you but does no damage.
The nagaraja attacks as you move away! You block the nagaraja's attack.
The nagaraja closely misses you.
You feel sick. The anaconda misses you. The anaconda completely misses you.
Aiming: Mindburst
Press: ? - help, Q - select action, (/) - cycle Shift-Dir - straight line, f - anaconda
Aim: an anaconda (black smoke, umbra, chance to affect: 83%)
The anaconda's mind is blasted!!!
You feel sick. You block the anaconda's attack. x2
You block the black mamba's attack. You block the nagaraja's attack. x2
You block the anaconda's attack.
The anaconda bites you but does no damage.
Unknown command.
You impale the anaconda!!
The anaconda looks as sick as possible!
The anaconda is almost dead.
You feel sick.
You kill the anaconda!
Dithmenos accepts your kill. You block the black mamba's attack.
The nagaraja gestures at you while chanting.
The poison arrow hits you!
You are more poisoned.
You partially resist.
* * * LOW HITPOINT WARNING * * *
You block the black mamba's attack.
You feel very sick.
The nagaraja points at you and mumbles some strange words.
The poison arrow hits you!!
You are more poisoned.
You partially resist.
You die...

[.#.#
###...................# .
..###
##.......................
...#
#..........#####......###
..#####.......####
#......# ###.##...#.#.##
#......# ....##.....#.##
......# ....#
#......)#### ...... ....#
#..).......#####......
#...#
##........@§N§§N......
#####
###........§N#§S..... #
####.....S§#§......
#####...N.......
######...... ..... ....
... ..


You could see a nagaraja (fast, extremely poisoned), a naga warrior, a black
mamba and a naga (fast).

Vanquished Creatures
  Jorgrun (D:13)
  Agnes (D:15)
  3 nagarajas
  Aizul (Snake:4)
  Azrael (D:13)
  An entropy weaver (shapeshifter) (Lair:5)
  A dire elephant (D:15)
  4 vault guards (D:13)
  Erolcha (D:13)
  5 boulder beetles
  4 salamander tyrants
  12 two-headed ogres
  A catoblepas (D:14)
  3 ogre magi
  9 hydras
  An ice dragon (D:11)
  Erica (D:8)
  5 anacondas
  6 centaur warriors
  3 death knights
  6 naga warriors
  5 death yaks
  5 tengu warriors
  8 naga sharpshooters
  9 shock serpents
  4 thrashing horrors (Lair:5)
  A fire crab (shapeshifter) (D:15)
  A skeletal warrior (D:15)
  5 salamander mystics
  A fire crab (Lair:5)
  5 naga ritualists
  A phantasmal warrior (D:14)
  2 wizards
  3 large abominations (Lair:5)
  3 deep elf pyromancers
  9 mana vipers
  14 salamanders
  A wolf spider (D:15)
  8 cyclopes
  A merfolk siren (Lair:3)
  10 ugly things
  8 elephants
  6 manticores
  40 black mambas
  2 guardian serpents (Snake:2)
  11 naga magi
  6 cane toads
  2 unseen horrors (D:11)
  An efreet (D:12)
  A torpor snail (Lair:2)
  2 freezing wraiths
  A smoke demon (Lair:5)
  4 tengu conjurers
  11 komodo dragons
  3 rime drakes
  2 ancient zymes (Lair:5)
  6 trolls
  3 merfolk (Lair:3)
  4 polar bears
  12 slime creatures
  A hornet (shapeshifter) (D:14)
  10 small abominations (Lair:5)
  28 blink frogs
  6 dream sheep (Lair:5)
  3 wyverns
  A ynoxinul (Lair:5)
  A vampire (D:10)
  A spriggan (Lair:5)
  4 wraiths
  A fire elemental (D:13)
  A steam dragon (D:8)
  42 yaks
  6 basilisks
  3 chaos spawn (Lair:5)
  3 vampire mosquitoes
  3 wargs (D:10)
  32 nagas
  5 acid dragons
  5 hell hounds
  18 water moccasins
  Duvessa (D:4)
  7 orc warriors
  An ice beast (D:5)
  2 sky beasts
  3 black bears
  11 wolves
  3 centaurs
  5 ogres
  A phantom (D:5)
  17 bullfrogs
  7 kobold brigands
  2 necrophages
  7 scorpions
  13 wights
  Dowan (D:4)
  42 killer bees
  2 howler monkeys
  A gnoll bouda (D:9)
  4 jellies
  10 orc priests
  6 hounds
  Crazy Yiuf (D:2)
  20 iguanas
  Ijyb (D:5)
  11 orc wizards
  17 hell rats
  15 gnolls
  6 adders
  5 river rats (D:6)
  A white imp (D:6)
  A shadow imp (D:6)
  An ufetubus (D:7)
  2 dart slugs (D:4)
  35 orcs
  6 ball pythons
  2 bats
  7 endoplasms
  2 giant cockroaches
  7 goblins
  2 hobgoblins (D:1)
  4 jackals (D:1)
  27 kobolds
  11 quokkas
  13 frilled lizards (Lair:2)
  18 rats
826 creatures vanquished.

Vanquished Creatures (collateral kills)
  A hydra (D:12)
1 creature vanquished.

Vanquished Creatures (others)
  A salamander (Snake:2)
  A kobold demonologist (D:13)
  15 fungi
  26 plants
43 creatures vanquished.

Grand Total: 870 creatures vanquished

Notes
Turn   | Place    | Note
-------+----------+-------------------------------------------
     0 | D:1      | Newt the Demonspawn Gladiator began the quest for the Orb.
     0 | D:1      | Reached XP level 1. HP: 16/16 MP: 1/1
    47 | D:1      | Reached skill level 1 in Stealth
   141 | D:1      | Gained mutation: You are partially covered in large bone
                  | plates. (SH +4) [demonic ancestry]
   141 | D:1      | Reached XP level 2. HP: 13/22 MP: 2/2
   989 | D:1      | Gained mutation: You are mostly covered in large bone
                  | plates. (SH +6) [demonic ancestry]
   989 | D:1      | Reached XP level 3. HP: 29/29 MP: 3/3
  1509 | D:2      | Found a faded altar of an unknown god.
  1665 | D:2      | Gained mutation: You regenerate magic rapidly. [demonic
                  | ancestry]
  1665 | D:2      | Reached XP level 4. HP: 37/37 MP: 4/4
  2042 | D:2      | Found the +3 salamander hide armour {Flames rF++ rC--}
  2058 | D:2      | Found a runed translucent door.
  2060 | D:2      | Noticed Crazy Yiuf
  2074 | D:2      | Killed Crazy Yiuf
  2274 | D:2      | Found a shadowy altar of Dithmenos.
  2540 | D:2      | Became a worshipper of Dithmenos the Shadowed
  2598 | D:3      | Found a bloodstained altar of Trog.
  2844 | D:3      | Found a blossoming altar of Fedhas.
  3021 | D:3      | Noticed an ogre
  3027 | D:3      | Killed an ogre
  3028 | D:3      | Gained mutation: When hurt, damage is shared between your
                  | health and your magic reserves. [demonic ancestry]
  3028 | D:3      | Reached XP level 5. HP: 28/42 MP: 5/5
  3199 | D:3      | Found a radiant altar of Vehumet.
  3921 | D:4      | Noticed an ogre
  3930 | D:4      | Killed an ogre
  3931 | D:4      | Reached XP level 6. HP: 26/48 MP: 3/6
  4303 | D:4      | Reached skill level 5 in Short Blades
  4309 | D:4      | Noticed Duvessa
  4325 | D:4      | Noticed Dowan
  4353 | D:4      | Killed Dowan
  4704 | D:4      | Gained mutation: You have a pair of small horns on your
                  | head. [demonic ancestry]
  4704 | D:4      | Reached XP level 7. HP: 46/54 MP: 7/7
  4780 | D:4      | Killed Duvessa
  5405 | D:5      | Entered Level 5 of the Dungeon
  5438 | D:5      | Reached * piety under Dithmenos
  5579 | D:5      | Reached skill level 5 in Stealth
  5744 | D:5      | Reached skill level 2 in Throwing
  5772 | D:5      | Noticed Ijyb
  5787 | D:5      | Killed Ijyb
  6009 | D:5      | Gained mutation: You are completely covered in large bone
                  | plates. (SH +8) [demonic ancestry]
  6009 | D:5      | Reached XP level 8. HP: 18/60 MP: 5/8
  6023 | D:5      | Reached skill level 3 in Throwing
  6293 | D:5      | Reached skill level 4 in Throwing
  6335 | D:5      | Reached skill level 5 in Throwing
  6517 | D:5      | Identified the +1 leather armour "Toirafut" {Will+ Dex+4}
  6897 | D:5      | Reached skill level 6 in Throwing
  7299 | D:6      | Found Ymajiq's Antique Armour Boutique.
  7303 | D:6      | Found Ymaustraowo's Weapon Boutique.
  7518 | D:6      | Reached skill level 7 in Throwing
  7518 | D:6      | Reached XP level 9. HP: 62/65 MP: 7/9
  7581 | D:6      | Reached ** piety under Dithmenos
  7695 | D:6      | Reached skill level 8 in Throwing
  8162 | D:7      | Reached skill level 9 in Throwing
  8231 | D:7      | Reached *** piety under Dithmenos
  8418 | D:7      | Reached skill level 10 in Throwing
  8687 | D:7      | Found a staircase to the Ecumenical Temple.
  8835 | D:8      | Found an ornate altar of the Wu Jian Council.
  8876 | D:8      | Reached skill level 11 in Throwing
  8876 | D:8      | Reached XP level 10. HP: 71/71 MP: 10/10
  8984 | D:8      | Found a sparkling altar of Nemelex Xobeh.
  9003 | D:8      | Noticed Erica
  9028 | D:8      | Killed Erica
  9028 | D:8      | Reached **** piety under Dithmenos
  9029 | D:8      | Reached skill level 12 in Throwing
  9380 | D:8      | Reached skill level 13 in Throwing
  9949 | D:9      | Reached skill level 14 in Throwing
 10037 | D:9      | Found a staircase to the Orcish Mines.
 10108 | D:9      | HP: 1/71 [orc warrior/+0 antimagic war axe (13)]
 10215 | D:8      | Reached skill level 15 in Throwing
 10482 | D:9      | Gained mutation: When low on magic, you restore magic in
                  | place of health. [demonic ancestry]
 10482 | D:9      | Reached XP level 11. HP: 75/77 MP: 11/11
 10723 | D:9      | Reached ***** piety under Dithmenos
 10788 | D:10     | Entered Level 10 of the Dungeon
 10886 | D:10     | Found a staircase to the Lair.
 11116 | D:10     | Noticed a two-headed ogre
 11123 | D:10     | Killed a two-headed ogre
 11580 | D:10     | Identified the +10 mace of Soneadgheok {spect, rC+ Str+3}
 11908 | D:11     | Found Raifirr's Antique Armour Shoppe.
 12441 | D:11     | Found a frozen archway.
 12442 | D:11     | Noticed an ice dragon
 12996 | D:11     | Noticed a two-headed ogre
 12996 | D:11     | Noticed an ogre mage
 13399 | D:11     | Paralysed by an ogre mage for 4 turns
 13414 | D:11     | Killed an ogre mage
 13467 | D:12     | Reached skill level 10 in Short Blades
 13548 | D:12     | Reached skill level 5 in Dodging
 13791 | D:12     | Noticed a six-headed hydra
 13813 | D:12     | Killed a seven-headed hydra
 13814 | D:12     | Gained mutation: You have a pair of horns on your head.
                  | [demonic ancestry]
 13814 | D:12     | Reached XP level 12. HP: 20/83 MP: 4/12
 14030 | D:12     | You fall into a shaft and drop 2 floors!
 14031 | D:14     | Noticed a two-headed ogre
 14031 | D:14     | Noticed a two-headed ogre
 14032 | D:14     | Noticed a two-headed ogre
 14033 | D:14     | Noticed an ogre mage
 14033 | D:14     | Noticed a two-headed ogre
 14033 | D:14     | Noticed a two-headed ogre
 14034 | D:14     | Killed a two-headed ogre
 14035 | D:14     | Noticed a two-headed ogre
 14036 | D:14     | Killed a two-headed ogre
 14037 | D:14     | Killed a two-headed ogre
 14039 | D:14     | Killed an ogre mage
 14053 | D:14     | Killed a two-headed ogre
 14064 | D:14     | Killed a two-headed ogre
 14074 | D:14     | Killed a two-headed ogre
 14253 | D:14     | Found an opulent altar of Gozag.
 14282 | D:14     | Noticed a tengu warrior
 14305 | D:14     | Killed a tengu warrior
 14567 | D:14     | Noticed a catoblepas
 14597 | D:14     | Killed a catoblepas
 14839 | D:14     | Noticed a tengu warrior
 14839 | D:14     | Noticed a tengu warrior
 14841 | D:14     | Killed a tengu warrior
 14867 | D:14     | Killed a tengu warrior
 14868 | D:14     | Reached skill level 10 in Stealth
 14868 | D:14     | Reached skill level 1 in Shields
 14889 | D:14     | Noticed a centaur warrior
 14900 | D:14     | Killed a centaur warrior
 15595 | D:13     | Noticed Azrael
 15631 | D:13     | Reached XP level 13. HP: 80/88 MP: 11/13
 15724 | D:13     | Noticed Jorgrun
 15781 | D:13     | Killed Jorgrun
 16317 | D:13     | Reached skill level 1 in Invocations
 16466 | D:13     | Reached skill level 5 in Invocations
 16664 | D:13     | Reached skill level 1 in Evocations
 16949 | D:13     | Found a gate to the Vaults.
 16955 | D:13     | Noticed Erolcha
 16987 | D:13     | Reached skill level 5 in Evocations
 17295 | D:13     | Killed Erolcha
 17674 | D:12     | Reached skill level 5 in Shields
 17853 | D:12     | Reached skill level 1 in Armour
 18069 | D:6      | Bought the +9 rapier of the Past {venom, rPois rC+ Int+6}
                  | for 806 gold pieces
 18610 | D:11     | Reached XP level 14. HP: 20/95 MP: 8/18
 18910 | D:13     | Killed Azrael
 19100 | D:15     | Entered Level 15 of the Dungeon
 19147 | D:15     | Noticed Agnes
 19355 | D:15     | Reached skill level 5 in Armour
 19426 | D:15     | Identified the +1 robe "Yjahuuz" {Str+6}
 19493 | D:15     | Killed Agnes
 19494 | D:15     | Reached skill level 5 in Fighting
 20215 | D:15     | Found a staircase to the Depths.
 20869 | Lair:1   | Entered Level 1 of the Lair of Beasts
 23178 | Lair:3   | Gained mutation: You may rarely emit foul miasma when
                  | damaged in melee. [demonic ancestry]
 23178 | Lair:3   | Reached XP level 15. HP: 104/110 MP: 17/19
 23193 | Lair:3   | Reached ****** piety under Dithmenos
 23319 | Lair:3   | Gained mutation: You have a pair of large horns on your
                  | head. [demonic ancestry]
 23319 | Lair:3   | Reached XP level 16. HP: 118/118 MP: 20/20
 23363 | Lair:3   | Found a staircase to the Shoals.
 23577 | Lair:3   | Found a staircase to the Snake Pit.
 24566 | Lair:5   | Entered Level 5 of the Lair of Beasts
 25384 | Lair:5   | Found a runed translucent door.
 25385 | Lair:5   | Found a viscous altar of Jiyva.
 25386 | Lair:5   | Found a staircase to the Slime Pits.
 25759 | Lair:5   | Found a corrupted altar of Lugonu.
 25759 | Lair:5   | Found a one-way gate to the infinite horrors of the Abyss.
 26459 | Lair:5   | Identified the +9 dagger of the Pillar {antimagic, rN+}
 26750 | Snake:1  | Entered Level 1 of the Snake Pit
 27201 | Snake:1  | Gained mutation: Your flesh is cold resistant. (rC+)
                  | [potion of mutation]
 27201 | Snake:1  | Gained mutation: Your spells are a little easier to cast,
                  | but a little less powerful. [potion of mutation]
 28323 | Snake:2  | Reached XP level 17. HP: 78/124 MP: 9/21
 28608 | Snake:2  | Found a bloodstained altar of Trog.
 28740 | Snake:2  | Reached skill level 10 in Dodging
 29465 | Snake:2  | Identified the +2 robe of the Spider Nest {Str+6}
 30272 | Snake:3  | Reached skill level 10 in Evocations
 30408 | Snake:3  | Lost mutation: Your flesh is cold resistant. (rC+) [potion
                  | of mutation]
 30408 | Snake:3  | Lost mutation: Your spells are a little easier to cast, but
                  | a little less powerful. [potion of mutation]
 30408 | Snake:3  | Gained mutation: You are dopey. (Int -2) [potion of
                  | mutation]
 30408 | Snake:3  | Gained mutation: You possess an exceptional clarity of
                  | mind. [potion of mutation]
 30409 | Snake:3  | Lost mutation: You are dopey. (Int -2) [potion of mutation]
 30409 | Snake:3  | Lost mutation: You possess an exceptional clarity of mind.
                  | [potion of mutation]
 30409 | Snake:3  | Gained mutation: You have an increased reservoir of magic.
                  | (+10% MP) [potion of mutation]
 30410 | Snake:3  | Lost mutation: You have an increased reservoir of magic.
                  | (+10% MP) [potion of mutation]
 30410 | Snake:3  | Gained mutation: You are clumsy. (Dex -2) [potion of
                  | mutation]
 30410 | Snake:3  | Gained mutation: Your body sometimes deteriorates upon
                  | taking damage. [potion of mutation]
 30410 | Snake:3  | Gained mutation: Your spells are a little harder to cast,
                  | but a little more powerful. [potion of mutation]
 30411 | Snake:3  | Lost mutation: Your body sometimes deteriorates upon taking
                  | damage. [potion of mutation]
 30411 | Snake:3  | Lost mutation: Your spells are a little harder to cast, but
                  | a little more powerful. [potion of mutation]
 30411 | Snake:3  | Gained mutation: You are strong-willed. (Will+) [potion of
                  | mutation]
 30411 | Snake:3  | Gained mutation: Your magical capacity is low. (-10% MP)
                  | [potion of mutation]
 30652 | Snake:3  | Lost mutation: Your magical capacity is low. (-10% MP)
                  | [potion of mutation]
 30652 | Snake:3  | Lost mutation: You are strong-willed. (Will+) [potion of
                  | mutation]
 30652 | Snake:3  | Lost mutation: You are clumsy. (Dex -2) [potion of
                  | mutation]
 30652 | Snake:3  | Gained mutation: You are robust. (+10% HP) [potion of
                  | mutation]
 30652 | Snake:3  | Gained mutation: You are agile. (Dex +4, Str/Int -1)
                  | [potion of mutation]
 30692 | Snake:4  | Entered Level 4 of the Snake Pit
 31499 | Snake:4  | Noticed Aizul
 31537 | Snake:4  | Killed Aizul
 32062 | Snake:4  | Killed from afar by a nagaraja

Illustrated notes

Levels and vault maps discovered:
D:1:      saegor_arrival_simple_d, layout_basic
D:2:      layout_loops_cross, basic_altar,
          shapermc_ecumenical_altar_starsandcircs, uniq_crazy_yiuf_cottage
D:3:      layout_basic, trog_butcher_becter,
          mainiacjoe_overflow_small_starburst, mainiacjoe_overflow_swirl,
          amethyst_killhole
D:4:      layout_loops_cross, uniq_duvessa
D:5:      minmay_opposing_rooms, layout_loops_cross, minmay_crystal_water,
          uniq_ijyb
D:6:      lemuel_ratsnest, layout_basic, serial_shops,
          nicolae_shop_advertising_works [nicolae_subvault_shop_adworks], shop,
          serial_bayou_pond_e
D:7:      layout_basic, minmay_temple_entry_poolview, minmay_manual_monstrance
D:8:      layout_gridville, nemelex_spade_bored_becter,
          nzn_wu_jian_council_hall, minmay_misc_feat_more_columns, uniq_erica
D:9:      layout_cross, minmay_orc_entry_temple_small
D:10:     layout_stronghold, erik_lair_orcish_takeover
D:11:     cheibrodos_barr_body, layout_rooms,
          portal_ice_cave_entry_animals_and_master, nicolae_stop_n_shop_2
D:12:     layout_gridville
D:13:     layout_loops_ring, lightli_vaults_fourway_checkpoint, uniq_azrael,
          uniq_jorgrun, uniq_erolcha
D:14:     layout_loops_cross, nicolae_gozag_seed_capital, grunt_ministairs_1
D:15:     hangedman_depths_entry_try_elsewhere_first, layout_cave_pools,
          hangedman_abyss_or_decor_stabs, uniq_agnes
Lair:1:   layout_regular_city
Lair:2:   lemuel_reptile_caves, layout_regular_city, amcnicky_mini_pool_medium
Lair:3:   wad_woods_minihive, layout_layer_cave, elwin_shoals_entry_stream,
          guppyfry_snake_entry_garden
Lair:4:   layout_gridlike, guppyfry_lair_drakes, grunt_megastairs_3
Lair:5:   hellmonk_lair_end_abyssal_woods, layout_hall_layers, slime_entry_2,
          chequers_serial_rivers_micro_e, grunt_megastairs_5
Snake:1:  layout_onion_interference, serial_bayou_pond_e
Snake:2:  layout_basic, basic_altar, nicolae_snake_storage_room
Snake:3:  layout_onion_interference, special_room
Snake:4:  minmay_snake_end_coiled, layout_cave_town, uniq_aizul, uniq_saint_roka

Skill      XL: |  1  2  3  4  5  6  7  8  9 10 11 12 13 14 15 16 17 |
---------------+----------------------------------------------------+-----
Stealth        | 1 2 3 6 10 12 14 | 14.0
Fighting       | 3 4 8 |  8.4
Dodging        | 4 6 8 9 10 | 10.0
Short Blades   | 3 4 5 6 10 12 14 | 14.0
Throwing       | 2 7 11 15 | 15.0
Shields        | 1 5 8 |  8.0
Invocations    | 6 |  6.0
Evocations     | 6 7 12 | 12.5
Armour         | 3 5 |  5.0

Action                   |  1- 3 |  4- 6 |  7- 9 | 10-12 | 13-15 | 16-18 || total
-------------------------+-------+-------+-------+-------+-------+-------++-------
Melee: Rapier            |    88 |   164 |    84 |       |   649 |  1285 ||  2270
       Punch             |       |     5 |     8 |     5 |       |       ||    18
       Headbutt          |       |       |   113 |   239 |   273 |   401 ||  1026
       Dagger            |       |       |   472 |   919 |   426 |    75 ||  1892
Throw: Throwing net      |     2 |     3 |       |     1 |       |       ||     6
       Javelin           |       |     2 |     3 |     3 |       |       ||     8
       Dart              |       |       |     4 |   113 |    64 |     4 ||   185
       Boomerang         |       |       |       |    27 |    64 |    62 ||   153
Invok: Shadow Step       |       |       |       |       |     5 |       ||     5
Evoke: Wand              |       |       |     1 |     1 |       |     2 ||     4
       Phial of floods   |       |       |       |     1 |     1 |       ||     2
  Use: Scroll            |     3 |     6 |    10 |     9 |     8 |     8 ||    44
       Potion            |       |       |     2 |    10 |     3 |    14 ||    29
 Stab: Sleeping          |     2 |     7 |    12 |    18 |    33 |    61 ||   133
       Held in net/web   |     1 |       |       |       |       |       ||     1
       Distracted        |       |       |     1 |     3 |     4 |     6 ||    14
       Petrified         |       |       |       |     1 |       |       ||     1
       Invisible         |       |       |       |       |       |     2 ||     2
Armor: Leather armour    |    34 |    68 |    85 |    53 |       |       ||   240
       Troll leather arm |       |       |       |   119 |    74 |    83 ||   276
       Skin              |       |       |       |     6 |       |       ||     6
Dodge: Dodged            |    56 |   120 |   325 |   488 |   401 |   460 ||  1850
Block: Other             |    21 |    56 |   191 |   154 |       |       ||   422
       Buckler           |       |       |       |   366 |   846 |   848 ||  2060
       Reflection        |       |       |       |    16 |    18 |    66 ||   100
       Tower shield      |       |       |       |       |       |   214 ||   214

Table legend: (Time is in decaauts)
 A = Elapsed time spent in this place.
 B = Non-inter-level travel time spent in this place.
 C = Inter-level travel time spent in this place.
 D = Time resting spent in this place.
 E = Time spent auto-exploring this place.
 F = Levels seen in this place.
 G = Mean time per level.
                   A        B        C        D        E       F      G
               +--------+--------+--------+--------+--------+-----+--------+
         Total |  30683 |  29038 |   1645 |   7144 |  13743 |  24 | 1278.5 |
       Dungeon |  20122 |  18839 |   1283 |   4864 |   8887 |  15 | 1341.5 |
          Lair |   5533 |   5298 |    235 |    719 |   3196 |   5 | 1106.6 |
     Snake Pit |   5027 |   4901 |    126 |   1561 |   1660 |   4 | 1256.8 |
               +--------+--------+--------+--------+--------+-----+--------+

Top non-repeatable levels by time:
    D:10: 1928 daAuts
    D:13: 1911 daAuts
 Snake:2: 1859 daAuts
     D:5: 1801 daAuts
    D:14: 1774 daAuts
     D:4: 1592 daAuts
 Snake:1: 1455 daAuts
     D:8: 1449 daAuts
     D:2: 1391 daAuts
  Lair:5: 1327 daAuts
     D:3: 1316 daAuts
    D:15: 1309 daAuts
     D:1: 1253 daAuts
  Lair:4: 1240 daAuts
  Lair:3: 1226 daAuts
